Unix NetHack Version 3.7.0-102 Work-in-progress - last build Apr 7 2024 00:22:53 (d302a6a9ff6341f1a922d8f5af178406b35fdf99,branch:master). Game began 2024-04-30 12:01:33, ended 2024-05-01 11:35:28. post163, chaotic female human Wizard -------------- |.......<....| ---------------- -------- |............| |..............| |..d.... ---------|---- |..............-#######-.@%.$.| # |..............| |.fF@..| # ------------|--- |......| # ##### |.{....| ## # -------- # # # ## # ### # ###### # ###### ------..- -.---------- |.......| |..........- |.......| |..........| |........## |..........+ |.......| #####-..........| --------- ------------ Post163 the Evoker St:11 Dx:16 Co:14 In:17 Wi:12 Ch:9 Chaotic S:452 Dlvl:7 $:88 HP:0(12) Pw:8(8) AC:10 Xp:1/16 T:2558 Latest messages: In what direction? 6 You hear crashing rock. You are in full health. In what direction? 3 The rock mole bites! You swap places with your large cat. The large cat misses it. You hear some noises. You swap places with your large cat. In what direction? 6 Ouch! That hurts! In what direction? 6 Crash! You kick open a secret door! The large cat bites the red mold. The red mold is killed! You see here a red mold corpse. There is a red mold corpse here; eat it? [ynq] (n) y This red mold corpse tastes okay. You finish eating the red mold corpse. The door resists! The door opens. The door opens. The werejackal summons help! A jackal suddenly appears next to you! A jackal suddenly appears next to you! A jackal suddenly appears next to you! A jackal suddenly appears next to you! The werejackal hits! The jackal bites! The large cat bites the jackal. The jackal is killed! You see here a jackal corpse. The jackal bites! The jackal bites! The jackal bites! The large cat bites the jackal. The jackal is killed! The lichen touches you! You cannot escape from the lichen! The jackal bites! The large cat bites the jackal. The jackal is killed! You cannot escape from the lichen! The jackal bites! You die... Do you want your possessions identified? [ynq] (y) n Do you want to see your attributes? [ynq] (y) n Do you want an account of creatures vanquished? [ynaq] (y) y Do you want to see your conduct and achievements? [ynq] (y) y Do you want to see the dungeon overview? [ynq] (y) y Inventory: Coins $ - 88 gold pieces Weapons x - 3 blessed +0 daggers (wielded) a - a blessed +1 quarterstaff Comestibles t - 2 uncursed slime molds w - 2 uncursed food rations r - 2 uncursed lichen corpses Scrolls j - a blessed scroll of earth k - an uncursed scroll of identify i - an uncursed scroll of scare monster q - an uncursed scroll of stinking cloud o - an uncursed scroll of teleportation Spellbooks m - an uncursed spellbook of cure sickness l - a blessed spellbook of force bolt Potions s - a cursed potion of confusion g - an uncursed potion of invisibility u - an uncursed potion of monster detection h - an uncursed potion of object detection Rings d - an uncursed ring of invisibility e - an uncursed ring of searching Wands f - a wand of light (0:12) c - a wand of slow monster (0:7) Tools n - a magic marker (0:20) Gems/Stones v - 2 uncursed jet stones Post163 the Wizard's attributes: Background: You were an Evoker, a level 1 female human Wizard. You were chaotic, nominally on a mission for Anhur who was opposed by Ptah (lawful) and Thoth (neutral). You were right-handed. You were in the Dungeons of Doom, on level 7. You entered the dungeon 2558 turns ago. You had 16 experience points, 4 more were needed to attain level 2. Your score was 452 before end-of-game adjustments. Basics: You had 0 out of 12 hit points. You had all 8 energy points (spell power). Your armor class was 10. Your wallet contained 88 zorkmids. Autopickup was off. Final Characteristics: Your strength was 11 (limit:18/100). Your dexterity was 16 (limit:18). Your constitution was 14 (limit:18). Your intelligence was 17 (limit:18). Your wisdom was 12 (limit:18). Your charisma was 9 (limit:18). Final Status: You were held by a lichen (southeast). You weren't hungry. You were unencumbered. You were wielding daggers. You were unskilled in dagger. You weren't wearing any armor. Final Attributes: You were piously aligned. You are dead. Miscellaneous: You never encountered a bones level. Total elapsed playing time was 15 minutes and 47 seconds. Major events: Turn 1: post163 the chaotic female human Wizard entered the dungeon 2181: entered Sokoban 2558: killed by a jackal Vanquished creatures: a rock mole a little dog a homunculus a kobold leader an orc zombie 2 acid blobs 2 gas spores a large kobold a hobgoblin a giant rat a yellow mold a green mold 2 red molds 2 gnomes 2 gnome zombies 2 geckos 6 jackals 2 foxes 3 sewer rats 4 grid bugs 2 lichens 4 newts 43 creatures vanquished. No species were genocided or became extinct. Voluntary challenges: You were an atheist. You were illiterate. You never engraved Elbereth. You never genocided any monsters. You never polymorphed an object. You used no wishes. You did not violate any of the special Sokoban rules. Achievements: You entered a shop. You entered Sokoban. The Dungeons of Doom: levels 1 to 7 Level 1: An altar to Anhur. Level 2: Level 3: A fountain. Level 4: Many fountains, a grave. Level 5: Many fountains. Oracle of Delphi. Level 6: A fountain, a sink, a grave. Stairs up to Sokoban, level 5. Level 7: <- You were here. A fountain. Final resting place for you, killed by a jackal. Sokoban: Level 5: Unsolved. Game over: ---------- / \ / REST \ / IN \ / PEACE \ / \ | post163 | | 88 Au | | killed by a | | jackal | | | | | | 2024 | *| * * * | * _________)/\\_//(\/(/\)/\//\/|_)_______ Goodbye post163 the Wizard... You died in The Dungeons of Doom on dungeon level 7 with 444 points, and 88 pieces of gold, after 2558 moves. You were level 1 with a maximum of 12 hit points when you died.